Map: Blistering Sands

Players

Throwfordays - Winner!

  • Race: Terran Terran
  • League: Silver
  • Spawn Location: 7:00

A.I. 1 (Medium)

  • Race: Terran Terran
  • Spawn Location: 1:00

VOD

Have the link to the VOD?

Description

Time

  • Played on: May 9, 2019, 1:03 p.m.
  • Length: 16:05
Show
View Real Time Build Order
Export as new Build Order

Throwfordays Terran - Winner!

Build Orders:  

Get SALT Encoding   

  12  0:01  SCV  
  13  0:17  Supply Depot  
  13  0:18  SCV  
  14  0:30  SCV  
  15  0:40  Barracks  
  16  0:42  SCV  
  16  0:46  Refinery  
  16  0:55  SCV  
  17  1:08  SCV  
  18  1:21  SCV  
  19  1:28  Supply Depot  
  19  1:34  Orbital Command  
  19  1:35  Reaper  
  20  1:50  Refinery  
  20  1:51  Supply Depot  
  20  2:06  SCV  
  21  2:11  Factory  
  21  2:18  SCV  
  22  2:30  SCV  
  22  2:37  Barracks Tech Lab  
  23  2:42  SCV  
  24  2:54  SCV  
  25  3:03  Command Center  
  25  3:05  Factory Tech Lab  
  24  3:13  Supply Depot  
  24  3:16  Combat Shield  
  24  3:19  SCV  
  25  3:27  Marine  
  25  3:31  SCV  
  27  3:35  Starport  
  27  3:37  Supply Depot  
  27  3:45  Marine  
  27  3:48  Infernal Pre-Igniter  
  28  3:57  SCV  
  28  4:00  Supply Depot  
  29  4:03  Marine  
  29  4:09  SCV  
  31  4:20  Marine  
  31  4:21  SCV  
  33  4:27  SCV  
  33  4:31  Refinery  
  34  4:33  Refinery, SCV  
  34  4:34  Hellion  
  34  4:37  Starport Tech Lab  
  37  4:38  Marine  
  37  4:39  SCV  
  37  4:43  Engineering Bay  
  39  4:45  SCV  
  39  4:51  SCV  
  41  4:56  Marine  
  41  4:57  SCV, Stimpack  
  43  5:03  SCV, Siege Tank  
  47  5:07  Supply Depot  
  47  5:10  SCV, Cloaking Field  
  47  5:11  Supply Depot  
  48  5:15  SCV  
  49  5:22  SCV  
  49  5:28  SCV  
  51  5:30  Banshee  
  51  5:34  SCV  
  51  5:40  SCV  
  48  5:52  SCV  
  50  6:04  SCV  
  50  6:08  Supply Depot  
  50  6:11  Supply Depot  
  50  6:13  Banshee  
  50  6:15  Siege Tank  
  50  6:16  SCV  
  50  6:17  Terran Infantry Weapons Level 1  
  57  6:18  Engineering Bay  
  57  6:28  SCV  
  57  6:30  Hyperflight Rotors  
  58  6:39  Command Center  
  58  6:46  Armory  
  58  6:47  Armory  
  58  6:49  Terran Infantry Armor Level 1  
  58  6:55  Banshee  
  61  7:09  Orbital Command  
  61  7:17  SCV  
  62  7:28  Marine  
  62  7:29  SCV  
  64  7:30  Siege Tank  
  67  7:38  Banshee, Barracks  
  67  7:40  Barracks  
  67  7:41  SCV  
  71  7:44  Terran Vehicle Weapons Level 1, Terran Ship Weapons Level 1  
  71  7:45  Marine  
  71  7:50  Concussive Shells  
  72  7:53  SCV  
  72  7:57  Planetary Fortress  
  73  8:01  Refinery  
  73  8:03  Marine  
  73  8:05  Refinery, SCV  
  75  8:18  Terran Infantry Weapons Level 2  
  75  8:21  Marine  
  75  8:26  SCV  
  77  8:27  Barracks  
  77  8:36  SCV  
  77  8:38  SCV x2  
  77  8:39  Marine  
  81  8:44  Terran Infantry Armor Level 2  
  81  8:48  Barracks Reactor x2, SCV  
  82  8:50  SCV x2  
  84  8:56  Starport  
  84  8:57  Marine  
  84  8:59  Siege Tank  
  84  9:00  SCV  
  84  9:02  SCV x2  
  91  9:12  SCV  
  91  9:14  Marine, SCV  
  91  9:15  SCV  
  92  9:24  SCV  
  92  9:26  SCV  
  92  9:31  Siege Tank  
  97  9:32  Marine  
  98  9:50  Marine  
  96  10:15  Starport Tech Lab  
  96  10:31  Terran Vehicle Weapons Level 2, Terran Ship Weapons Level 2  
  96  10:33  Barracks Reactor  
  96  10:37  Marine x3  
  96  10:38  Marine  
  96  10:40  Marine  
  101  10:49  Medivac x2  
  105  10:55  Marine x4  
  109  10:57  Fusion Core  
  109  10:58  Marine  
  110  11:08  Terran Infantry Armor Level 3, Terran Infantry Weapons Level 3  
  110  11:12  Marine x2  
  110  11:13  Marine x4  
  110  11:16  Marine, Supply Depot  
  117  11:24  Supply Depot  
  117  11:25  Supply Depot  
  117  11:30  Supply Depot  
  117  11:38  Marine x4, Medivac x2  
  125  11:45  Marine x3  
  125  11:46  Supply Depot x2  
  128  11:51  Advanced Ballistics  
  128  11:55  Marine x4  
  132  12:03  Marine x3  
  132  12:08  Medivac x2  
  139  12:09  Supply Depot x2  
  139  12:13  Marine x3  
  142  12:20  Marine x3  
  145  12:31  Marine x3  
  148  12:38  Marine x3, Liberator x2  
  148  12:40  Supply Depot  
  154  13:20  Liberator x2  
  160  13:45  Neosteel Armor, Hi-Sec Auto Tracking  
Show
View Real Time Build Order
Export as new Build Order

A.I. 1 (Medium) Terran 

Build Orders:  

Get SALT Encoding   

  12  0:00  SCV  
  13  0:13  SCV  
  14  0:20  Supply Depot  
  14  0:25  SCV  
  15  0:41  SCV  
  16  0:45  Barracks  
  16  0:51  Refinery  
  16  0:53  SCV  
  17  1:06  SCV  
  18  1:18  Supply Depot  
  18  1:32  Marine, Orbital Command  
  19  1:35  Barracks  
  19  1:44  Refinery  
  19  1:50  Barracks Tech Lab  
  19  2:08  Marine  
  19  2:13  Supply Depot  
  20  2:26  Marine  
  21  2:30  Marine  
  21  2:32  SCV  
  23  2:44  Marauder  
  23  2:45  SCV  
  23  2:48  Engineering Bay  
  25  2:57  SCV  
  26  3:06  Marauder  
  26  3:09  SCV  
  26  3:11  Supply Depot  
  29  3:21  SCV  
  32  3:27  Marauder  
  32  3:33  SCV  
  33  3:45  SCV  
  36  3:48  Marauder  
  36  5:01  Barracks Tech Lab  
  36  5:02  Reaper, SCV  
  36  5:04  Factory  
  38  5:07  Factory  
  38  5:09  Supply Depot  
  38  5:11  Missile Turret  
  38  5:13  Missile Turret  
  38  5:16  Barracks  
  38  5:19  Reaper  
  39  5:32  Bunker  
  39  5:34  Marine  
  32  5:51  Marine  
  32  5:55  Sensor Tower, Marauder  
  31  5:58  Starport, Factory Tech Lab  
  31  5:59  Factory Tech Lab  
  31  6:03  Marine  
  32  6:12  Marauder  
  32  6:17  Command Center  
  34  6:20  Marine  
  35  6:29  Marine  
  36  6:33  Armory  
  36  6:37  Marine, Starport Tech Lab  
  37  6:46  Marine  
  38  6:47  Barracks Reactor  
  38  6:55  Marine  
  38  6:56  Raven  
  41  7:04  Marauder  
  43  7:14  Marauder  
  46  7:30  Refinery, SCV  
  46  7:32  SCV  
  47  7:39  Raven  
  47  7:42  SCV  
  50  7:44  SCV, Missile Turret  
  50  7:47  Missile Turret  
  50  7:48  Refinery  
  51  7:54  SCV  
  51  7:57  SCV  
  53  8:06  SCV  
  53  8:08  Bunker  
  53  8:09  SCV  
  55  8:18  SCV  
  56  8:21  SCV  
  57  8:30  SCV  
  57  8:33  SCV  
  59  8:42  SCV  
  59  8:45  SCV  
  61  8:54  SCV  
  62  8:57  SCV  
  62  9:00  Siege Tank  
  62  9:01  Supply Depot  
  66  9:05  Starport  
  66  9:06  SCV  
  66  9:08  Siege Tank  
  67  9:19  Marine, Medivac  
  57  9:25  Supply Depot  
  57  9:27  Marine  
  56  9:35  Marine  
  56  9:41  Medivac  
  56  9:43  Marine  
  56  9:44  SCV  
  59  9:47  SCV  
  59  9:49  Raven, Combat Shield  
  59  9:51  Marine  
  59  9:56  SCV  
  59  9:59  Marine  
  56  10:00  SCV, Stimpack  
  51  10:07  Marine  
  51  10:08  SCV  
  51  10:12  SCV, Starport Tech Lab  
  50  10:15  Marine  
  50  10:20  SCV  
  52  10:22  Terran Infantry Weapons Level 1  
  52  10:23  Marine  
  52  10:25  SCV  
  54  10:31  Marine  
  54  10:32  SCV  
  56  10:37  SCV  
  56  10:39  Siege Tank  
  60  10:45  SCV  
  60  10:47  Siege Tank  
  60  10:48  Ghost Academy  
  64  10:53  SCV, Supply Depot  
  64  10:54  Marine  
  64  10:57  SCV  
  67  11:02  Marine  
  68  11:04  Fusion Core  
  68  11:05  SCV  
  68  11:09  SCV  
  70  11:11  Siege Tank  
  70  11:15  Engineering Bay  
  70  11:18  Marine  
  73  11:19  Armory  
  74  11:26  Marine  
  75  11:34  Siege Tank  
  78  11:41  Terran Infantry Armor Level 1  
  78  11:43  Siege Tank  
  81  11:51  Command Center  
  80  13:01  Marine  
  74  13:06  Marine  
  74  13:09  Supply Depot  
  74  13:12  Marine  
  50  13:17  Marine  
  51  13:27  Marine  
  54  13:32  Medivac  
  57  13:40  Command Center  
  29  13:57  SCV  
  24  14:05  SCV  
  22  14:14  Engineering Bay  
  22  14:16  Supply Depot  
  13  14:38  SCV  
  8  14:39  Supply Depot  
  5  14:50  SCV, Barracks  
  5  14:52  SCV  
  6  14:55  Refinery  
  6  15:04  SCV  
  4  15:16  SCV  
  4  15:20  Engineering Bay  
  5  15:28  SCV  
  6  15:37  Supply Depot, Barracks Tech Lab  
  6  15:43  Factory  
Tags
 
League
Silver
Matchup
TvT
Race
Terran
Replay Pack
Multiplayer
Spawn Locations
Cross Positions
Add a new tag
Caveats
  • Supply blocks, unpowered buildings, or Contaminate may cause inaccurate times.
  • Supply counts are checked every 10 seconds.